Map: Blackpink LE

Players

Legacy - Winner!

  • Race: Protoss Protoss
  • League: Silver
  • Spawn Location: 1:00

FrumundaChee

  • Race: Protoss Protoss
  • League: Silver
  • Spawn Location: 7:00

VOD

Have the link to the VOD?

Description

PvT loss

Time

  • Played on: Nov. 28, 2017, 1:22 a.m.
  • Length: 18:26
Show
View Real Time Build Order
Export as new Build Order

Legacy Protoss - Winner!

Build Orders:  

Get SALT Encoding   

  12  0:01  Probe  
  13  0:14  Probe  
  14  0:18  Pylon  
  14  0:28  Probe  
  15  0:38  Gateway  
  15  0:40  Probe  
  16  0:52  Probe  
  16  0:55  Assimilator  
  17  1:04  Probe  
  18  1:16  Probe  
  19  1:28  Cybernetics Core, Probe  
  20  1:40  Probe  
  21  1:52  Probe  
  22  1:54  Assimilator  
  22  2:05  Probe  
  23  2:10  Nexus  
  23  2:13  Pylon  
  23  2:16  Pylon  
  23  2:31  Probe  
  23  2:33  Warp Gate (Chrono Boost)  
  24  2:39  Gateway  
  24  2:43  Probe  
  24  2:44  Pylon  
  25  2:46  Shield Battery  
  25  2:55  Probe  
  26  2:59  Twilight Council  
  26  3:13  Gateway  
  26  3:14  Probe  
  27  3:20  Twilight Council  
  27  3:23  Probe  
  27  3:26  Probe  
  29  3:33  Assimilator  
  29  3:35  Probe  
  29  3:39  Probe  
  31  3:45  Adept x2  
  35  3:56  Charge  
  35  3:58  Forge  
  35  4:14  Templar Archives  
  35  4:17  Probe  
  35  4:18  Probe  
  35  4:19  Pylon  
  37  4:42  Gateway, Probe x2  
  37  4:44  Pylon  
  39  4:46  Gateway  
  39  4:48  Protoss Ground Weapons Level 1  
  39  4:49  Assimilator  
  39  4:56  Zealot x3  
  45  5:09  Probe x2  
  47  5:17  Stalker x2  
  47  5:18  Stalker  
  35  5:36  Blink  
  35  5:41  Stalker  
  28  6:08  Probe x2  
  26  6:33  Stalker  
  26  6:35  Probe  
  29  6:47  Pylon  
  29  6:49  Probe  
  29  6:51  Probe  
  31  7:01  Probe  
  31  7:02  Sentry  
  31  7:07  Probe  
  35  7:22  Probe  
  36  7:23  Probe  
  36  7:29  Sentry x2  
  41  7:30  Sentry  
  41  7:35  Probe  
  45  7:37  Probe  
  45  7:48  Probe  
  43  8:08  Probe x2  
  45  8:17  Photon Cannon  
  45  8:20  Photon Cannon  
  45  8:24  Photon Cannon  
  45  8:26  Probe  
  47  8:27  Probe  
  47  8:52  Pylon  
  47  8:54  Shield Battery  
  47  8:59  Photon Cannon  
  47  9:01  Probe  
  48  9:03  Photon Cannon  
  48  9:09  Probe  
  49  9:13  Protoss Shields Level 1  
  45  9:47  Probe  
  45  9:48  Probe  
  48  10:00  Zealot, Probe x2  
  48  10:01  Zealot x4  
  59  10:09  Photon Cannon  
  59  10:12  Photon Cannon  
  59  10:14  Probe x2  
  61  10:25  Shield Battery  
  61  10:26  Probe  
  62  10:29  Shield Battery  
  62  10:48  Robotics Facility  
  62  10:49  Probe x2  
  64  11:01  Probe x2  
  64  11:03  High Templar  
  64  11:04  High Templar x2  
  70  11:05  High Templar  
  70  11:08  Archon  
  70  11:09  Archon  
  70  11:10  Protoss Shields Level 2  
  74  11:25  Probe x2  
  76  11:36  Zealot x3  
  76  11:37  Zealot x2  
  86  11:51  Pylon  
  86  11:57  Pylon  
  85  12:09  Pylon  
  85  12:11  Photon Cannon  
  85  12:15  Probe x2  
  87  12:16  Photon Cannon  
  87  12:36  Observer  
  88  12:54  Probe x2  
  90  13:03  Nexus  
  90  13:04  Pylon  
  90  13:07  Pylon  
  90  13:08  High Templar x3  
  90  13:09  High Templar x2  
  100  13:13  Archon  
  100  13:14  Archon  
  100  13:26  Protoss Ground Weapons Level 2  
  100  13:28  Pylon  
  100  13:30  Pylon  
  100  13:34  Pylon  
  100  13:42  Shield Battery  
  100  13:43  Gateway  
  100  13:44  Photon Cannon  
  100  13:45  Gateway  
  100  13:46  Photon Cannon  
  100  13:49  Photon Cannon  
  100  13:51  Photon Cannon, Probe  
  100  13:52  Probe  
  102  13:56  Observer  
  103  14:06  High Templar  
  103  14:07  High Templar x4  
  113  14:11  Archon x2  
  113  14:16  Archon  
  113  14:34  Probe  
  113  14:35  Probe  
  115  14:41  Shield Battery  
  115  14:43  Shield Battery  
  115  14:45  Assimilator  
  115  14:47  Shield Battery, Probe x2  
  115  14:48  Probe  
  115  14:49  Assimilator, Shield Battery  
  118  14:57  Observer  
  118  15:19  Probe x3  
  121  15:30  High Templar x3  
  121  15:31  High Templar x2  
  121  15:34  Archon  
  121  15:35  Archon  
  131  15:40  Immortal  
  135  15:54  High Templar x2  
  139  15:59  Archon  
  139  16:10  Zealot x3  
  139  16:11  Zealot x2  
  149  16:20  Immortal  
  105  17:32  Probe x3  
  108  17:44  Warp Prism  
Show
View Real Time Build Order
Export as new Build Order

FrumundaChee Protoss 

Build Orders: Oracle Opening 

Get SALT Encoding   

  12  0:01  Probe  
  13  0:14  Pylon  
  13  0:17  Probe  
  14  0:34  Gateway  
  14  0:38  Assimilator  
  14  0:40  Probe  
  15  0:54  Probe  
  16  1:06  Probe  
  17  1:18  Probe  
  17  1:23  Cybernetics Core  
  18  1:29  Assimilator  
  18  1:31  Probe  
  19  2:08  Warp Gate  
  19  2:10  Probe  
  22  2:16  Stalker  
  22  2:18  Pylon  
  22  2:22  Probe  
  23  2:33  Pylon  
  23  2:36  Probe  
  24  2:48  Probe  
  25  3:00  Stargate  
  25  3:09  Gateway  
  25  3:18  Twilight Council  
  25  3:20  Forge  
  25  3:24  Probe  
  26  3:29  Stalker  
  28  3:43  Oracle (Chrono Boost)  
  31  3:54  Nexus  
  31  4:07  Protoss Ground Weapons Level 1  
  31  4:14  Oracle (Chrono Boost)  
  34  4:22  Probe  
  35  4:34  Probe  
  36  4:44  Oracle (Chrono Boost)  
  39  4:55  Pylon  
  39  4:56  Pylon  
  39  5:06  Probe  
  40  5:18  Probe  
  41  6:06  Probe  
  41  6:07  Probe  
  41  6:10  Stalker x2  
  47  6:18  Probe  
  45  6:19  Probe  
  46  6:30  Probe  
  46  6:31  Probe  
  48  6:42  Stalker x2  
  48  6:43  Probe  
  53  6:54  Probe  
  53  6:55  Probe  
  55  7:05  Protoss Ground Armor Level 1  
  55  7:06  Probe  
  55  7:07  Probe  
  57  7:18  Probe  
  57  7:19  Probe  
  57  7:20  Gateway x2  
  59  7:23  Nexus, Blink (Chrono Boost)  
  59  7:27  Assimilator  
  59  7:29  Assimilator  
  59  7:30  Probe  
  59  7:31  Probe  
  59  7:32  Pylon, Stalker x2  
  59  7:34  Pylon  
  65  7:37  Pylon  
  65  7:42  Probe  
  63  8:11  Stalker  
  63  8:12  Stalker  
  67  8:18  Probe x2  
  67  8:19  Assimilator  
  69  8:21  Assimilator  
  69  8:30  Probe x2  
  71  8:42  Probe x2  
  73  8:54  Probe  
  74  8:56  Protoss Shields Level 1 (Chrono Boost)  
  74  9:02  Robotics Facility  
  54  10:12  Protoss Air Weapons Level 1 (Chrono Boost)  
  54  10:14  Resonating Glaives  
  54  10:15  Stargate  
  54  10:16  Stargate  
  54  10:26  Pylon  
  54  10:28  Pylon  
  54  10:29  Probe  
  54  10:34  Warp Prism (Chrono Boost)  
  57  10:40  Protoss Ground Armor Level 2  
  57  10:41  Probe  
  58  10:54  Probe  
  58  10:56  Nexus  
  59  11:00  Assimilator  
  59  11:01  Immortal (Chrono Boost)  
  59  11:02  Void Ray  
  59  11:03  Assimilator, Void Ray  
  71  11:06  Adept x3, Probe  
  71  11:07  Adept  
  71  11:08  Pylon  
  71  11:10  Pylon  
  80  11:12  Pylon  
  80  11:15  Probe x2  
  80  11:18  Probe  
  83  11:27  Probe x2  
  83  11:30  Probe  
  86  11:34  Adept  
  86  11:35  Adept x3  
  98  11:42  Probe x3  
  98  11:45  Void Ray  
  98  11:54  Probe  
  98  11:56  Protoss Air Armor Level 1  
  98  12:03  Stalker  
  98  12:04  Stalker  
  98  12:05  Adept x2  
  106  12:12  Void Ray  
  109  12:28  Void Ray  
  113  12:32  Robotics Facility  
  113  12:55  Protoss Ground Weapons Level 2 (Chrono Boost), Void Ray  
  117  13:01  Nexus  
  117  13:04  Assimilator  
  117  13:05  Assimilator  
  117  13:07  Pylon  
  117  13:10  Pylon x2  
  117  13:12  Pylon  
  117  13:13  Pylon  
  117  13:14  Pylon  
  117  13:16  Pylon  
  117  13:25  Void Ray  
  121  13:27  Adept x2  
  121  13:33  Adept x2  
  129  13:38  Void Ray  
  133  13:54  Gateway  
  133  13:55  Gateway  
  133  13:58  Gateway  
  133  14:01  Gateway  
  133  14:05  Stalker  
  133  14:06  Stalker x3  
  133  14:08  Void Ray  
  133  14:09  Observer  
  146  14:20  Void Ray  
  151  14:31  Observer  
  151  14:32  Stalker x4  
  159  14:40  Pylon  
  159  14:42  Pylon  
  159  14:44  Pylon  
  159  14:51  Void Ray  
  163  15:01  Protoss Shields Level 2  
  163  15:03  Void Ray  
  167  15:34  Void Ray  
  171  15:36  Photon Cannon  
  171  15:43  Adept x4, Photon Cannon  
  171  15:47  Photon Cannon  
  179  15:53  Photon Cannon  
  179  15:56  Fleet Beacon  
  179  16:23  Void Ray  
  179  16:24  Void Ray  
  48  17:05  Stalker  
  48  17:06  Stalker x7, Phoenix  
  48  17:07  Phoenix  
  31  17:30  Adept x6  
  31  17:31  Adept x2, Phoenix x2  
  40  18:02  Stalker  
  40  18:03  Stalker x4  
  40  18:04  Stalker x3  
Tags
 
Matchup
PvP
Spawn Locations
Cross Positions
Add a new tag
Caveats
  • Supply blocks, unpowered buildings, or Contaminate may cause inaccurate times.
  • Supply counts are checked every 10 seconds.